 Dungeon Crawl Stone Soup version 0.32-a0-768-g0f6f1dd4b9 (webtiles) character file.

Game seed: 16172432721821662701

1943 tilp the Sneak (level 8, -1/60 HPs)
             Began as a Vampire Enchanter on Mar 18, 2024.
             Was an Initiate of Wu Jian.
             Slain by a slime creature (18 damage)
             ... on level 6 of the Dungeon.
             The game lasted 00:12:03 (5579 turns).

tilp the Sneak (Vampire Enchanter)                  Turns: 5579, Time: 00:12:03

Health: -1/60      AC:  5    Str: 12    XL:     8   Next: 98%
Magic:  6/13       EV: 12    Int: 24    God:    Wu Jian [......]
Gold:   266        SH:  5    Dex: 14    Spells: 2/13 levels left

rFire   . . .        a - +1 dagger
rCold   . . .        (no shield)
rNeg    . . .        k - +0 robe
rPois   +            (no helmet)
rElec   .            l - +0 cloak
rCorr   .            e - +1 pair of gloves of Greed {Str+3 Int+5 Dex-4}
SInv    +            (no boots)
Will    +....        z - amulet of reflection
Stlth   +++          d - ring of willpower
HPRegen 0.50/turn    C - ring of Xauxaixku {rPois Str+2 Dex+3}
MPRegen 0.13/turn

%: reflection
@: confusing by touch, healing quickly
A: alive, fangs 3, see invisible, vampiric 2
a: Exsanguinate, Renounce Religion


You were on level 6 of the Dungeon.
You worshipped Wu Jian.
Wu Jian was noncommittal.
You visited 1 branch of the dungeon, and saw 7 of its levels.

You collected 266 gold pieces.

Inventory:

Hand Weapons
 a - a +1 dagger (weapon)
 b - a +0 whip of electrocution
 r - a +0 dagger of speed
Missiles
 f - 9 poisoned darts (quivered)
 g - a throwing net {!f}
 j - 3 datura-tipped darts
Armour
 e - the +1 pair of gloves of Greed (worn) {Str+3 Int+5 Dex-4}
   (You found it on level 2 of the Dungeon)

   Str+3:     It affects your strength (+3).
   Int+5:     It affects your intelligence (+5).
   Dex-4:     It affects your dexterity (-4).
 k - a +0 robe (worn)
 l - a +0 cloak (worn)
Jewellery
 d - a ring of willpower (left hand)
 m - a ring of magical power
 n - a +6 ring of strength
 v - a ring of protection from fire
 x - a ring of fire
 z - an amulet of reflection (around neck)
 C - the ring of Xauxaixku (right hand) {rPois Str+2 Dex+3}
   (You found it on level 4 of the Dungeon)

   [ring of poison resistance]

   Str+2:     It affects your strength (+2).
   Dex+3:     It affects your dexterity (+3).
   rPois:     It protects you from poison.
Wands
 D - a wand of digging (4)
Scrolls
 h - a scroll of vulnerability
 s - 2 scrolls of fear
 t - a scroll of amnesia {unknown}
 w - a scroll of torment {unknown}
 y - 4 scrolls of teleportation {unknown}
Potions
 c - 2 potions of invisibility
 i - a potion of mutation
 o - 3 potions of haste
 p - a potion of might {unknown}
 q - 2 potions of cancellation
 u - a potion of resistance {unknown}
 A - 2 potions of degeneration {unknown}
 B - a potion of lignification {unknown}
 E - 2 potions of curing


   Skills:
 * Level 4.1 Fighting
 - Level 4.2(5.3) Short Blades
 * Level 4.5(5.2) Long Blades
 + Level 2.3 Armour
 + Level 4.3 Dodging
 + Level 6.7 Stealth
 + Level 2.7 Shields
 + Level 3.4 Spellcasting
 + Level 6.2 Hexes
 + Level 2.6 Evocations


You had 2 spell levels left.
You knew the following spells:

 Your Spells              Type           Power      Damage    Failure   Level
a - Ensorcelled Hibernat  Hex/Ice        38%        N/A       4%          2
b - Confusing Touch       Hex            34%        N/A       2%          3
c - Tukima's Dance        Hex            34%        N/A       2%          3
d - Dazzling Flash        Conj/Hex       38%        N/A       9%          3

Your spell library contained the following spells:

 Spells                   Type           Power      Damage    Failure   Level
 Inner Flame              Hex/Fire       19%        N/A       9%          3
 Gell's Gravitas          Tloc           4%         N/A       30%         3
 Teleport Other           Tloc           4%         N/A       30%         3
 Flame Wave               Conj/Fire      4%         2d5       71%         4
 Sticky Flame             Fire/Alch      4%         2d4       71%         4
 Summon Blazeheart Golem  Fire/Summ      4%         N/A       71%         4
 Dispersal                Tloc           2%         N/A       100%        6
 Orb of Destruction       Conj           2%         9d5       100%        7
 Spellforged Servitor     Conj/Summ      2%         N/A       100%        7


Dungeon Overview and Level Annotations

Branches:
Dungeon (7/15)             Temple (0/1) D:6

Altars:
Okawaru
Vehumet
Wu Jian
Yredelemnul
Lugonu

Portals:
Abyss: D:3

Annotations:
D:3 2 runed translucent doors (disto kobolds)
D:6 3 runed translucent doors (rust devil vault from D7)


Innate Abilities, Weirdness & Mutations

Your natural rate of healing is accelerated.
You have razor-sharp teeth.
You have supernaturally acute eyesight. (SInv)
You are afflicted with vampirism and can become a bat while bloodless.


Message History

You kill the slime creature!
The Council accepts your kill.
You start resting.
HP restored.
You start resting.
Magic restored.
There is a stone staircase leading down here.
You climb downwards.
The slime creature hits you. The slime creature hits you!
There is a stone staircase leading up, spattered with blood here.
Unknown command.
The slime creature misses you.
You climb upwards.
Level annotation: 3 runed translucent doors (rust devil vault from D7)
There is a stone staircase leading down here.
Unknown command.
Casting: Confusing Touch (dangerous; 2% risk of failure)
Confirm with . or Enter, or press ? or * to list all spells.
Aiming: Ensorcelled Hibernation (safe; 4% risk of failure)
Press: ? - help, Shift-Dir - straight line, f - slime creature
Aim: a slime creature (chance to affect: 34%)
The slime creature easily resists.
The slime creature hits you!!
Unknown command.
Casting: Ensorcelled Hibernation (safe; 4% risk of failure)
Confirm with . or Enter, or press ? or * to list all spells.
Aiming: Ensorcelled Hibernation (safe; 4% risk of failure)
Press: ? - help, Shift-Dir - straight line, f/p - slime creature
Aim: a slime creature (chance to affect: 34%)
The slime creature looks drowsy...
Unknown command.
The helpless slime creature fails to defend itself.
You stick the slime creature like a pincushion!!!
You bite the slime creature.
The slime creature is severely wounded.
The slime creature hits you!
* * * LOW HITPOINT WARNING * * *
Unknown command.
Casting: Ensorcelled Hibernation (safe; 4% risk of failure)
Confirm with . or Enter, or press ? or * to list all spells.
Your hands begin to glow red.
The slime creature hits you!!
You die...

#.#.####.##.# ####
#.#.# #.##.# #...
#.#.# #.##.## #.##
#.#.# #.....# #.#
#.#.# ####..# #.#
#.#.# #..# #.# #.#.#
#..# #.#
#.#.#######..## #.#
#.#@J.........###.#
#...............#.##
#########...........
#.........#.
#.......###.
##.....## #. ##...##
## #####


You could see a slime creature.

Vanquished Creatures
  Sigmund (D:4)
  A slime creature (D:6)
  A wraith (D:6)
  2 ogres (D:5)
  2 phantoms
  3 scorpions
  2 hounds
  6 orc priests
  A jelly (D:6)
  Natasha (thrice) (D:2)
  An iguana (D:5)
  3 sleepcaps
  9 orc wizards
  4 gnolls (D:4)
  4 adders
  6 ufetubi
  A ribbon worm (D:5)
  A dart slug (D:1)
  19 orcs
  5 endoplasms
  7 giant cockroaches
  6 goblins
  4 hobgoblins
  4 jackals (D:2)
  4 quokkas
  6 ball pythons
  7 bats
  6 frilled lizards
  3 kobolds
  3 rats
125 creatures vanquished.

Vanquished Creatures (collateral kills)
  Edmund (D:5)
1 creature vanquished.

Grand Total: 126 creatures vanquished

Notes
Turn   | Place    | Note
-------+----------+-------------------------------------------
     0 | D:1      | tilp the Vampire Enchanter began the quest for the Orb.
     0 | D:1      | Reached XP level 1. HP: 13/13 MP: 3/3
   128 | D:1      | Reached XP level 2. HP: 20/20 MP: 5/5
   131 | D:1      | Learned a level 2 spell: Ensorcelled Hibernation
   700 | D:2      | Identified the +1 pair of gloves of Greed {Str+3 Int+5
                  | Dex-4}
   708 | D:2      | Reached skill level 1 in Fighting
   708 | D:2      | Reached skill level 1 in Long Blades
   708 | D:2      | Gained mutation: You are afflicted with vampirism and can
                  | become a bat while bloodless. [Vampire growth]
   708 | D:2      | Reached XP level 3. HP: 22/26 MP: 6/6
  1084 | D:2      | Reached XP level 4. HP: 32/32 MP: 7/7
  1090 | D:2      | Learned a level 3 spell: Confusing Touch
  1102 | D:2      | Noticed Natasha
  1346 | D:2      | Killed Natasha
  1355 | D:2      | Noticed Natasha
  1360 | D:2      | Killed Natasha
  1560 | D:2      | Noticed Natasha
  1566 | D:2      | Killed Natasha
  1567 | D:2      | Reached skill level 1 in Shields
  1567 | D:2      | Reached XP level 5. HP: 37/37 MP: 8/8
  1655 | D:3      | Reached skill level 5 in Stealth
  1685 | D:3      | Found a one-way gate to the infinite horrors of the Abyss.
  1935 | D:3      | Found a large runed translucent door.
  1935 | D:3      | Found a large runed translucent door.
  1938 | D:3      | Found a corrupted altar of Lugonu.
  2361 | D:4      | Reached skill level 1 in Evocations
  2382 | D:4      | Reached XP level 6. HP: 36/44 MP: 6/9
  2396 | D:4      | Learned a level 3 spell: Tukima's Dance
  2510 | D:4      | Reached skill level 5 in Hexes
  2513 | D:4      | Reached skill level 1 in Armour
  2610 | D:4      | You fall into a shaft and drop 2 floors!
  2693 | D:6      | Reached XP level 7. HP: 7/51 MP: 1/10
  3088 | D:6      | Learned a level 3 spell: Dazzling Flash
  3149 | D:6      | Found a runed translucent gate.
  3149 | D:6      | Found a runed translucent gate.
  3150 | D:6      | Found a runed translucent gate.
  3166 | D:6      | Noticed a rust devil
  3166 | D:6      | Noticed a rust devil
  3174 | D:6      | Found a basalt altar of Yredelemnul.
  3450 | D:6      | Noticed a wraith
  3452 | D:6      | Killed a wraith
  3466 | D:5      | Entered Level 5 of the Dungeon
  3560 | D:5      | Noticed Edmund
  3575 | D:5      | Killed Edmund
  3715 | D:5      | Reached XP level 8. HP: 58/58 MP: 12/12
  4023 | D:4      | Found a radiant altar of Vehumet.
  4250 | D:4      | Noticed Sigmund
  4256 | D:4      | Killed Sigmund
  4279 | D:4      | Identified the ring of Xauxaixku {rPois Str+2 Dex+3}
  4500 | D:5      | Found an ornate altar of the Wu Jian Council.
  4524 | D:5      | Became a worshipper of the Wu Jian Council
  5218 | D:6      | Found an iron altar of Okawaru.
  5294 | D:6      | Found a staircase to the Ecumenical Temple.
  5511 | D:7      | Noticed a slime creature
  5511 | D:7      | Noticed a slime creature
  5511 | D:7      | Noticed a slime creature
  5529 | D:6      | Killed a slime creature
  5579 | D:6      | Slain by a slime creature

Illustrated notes

Levels and vault maps discovered:
D:1:      dreamdust_arrival_beginning_and_end, layout_rooms
D:2:      layout_rooms, uniq_natasha
D:3:      due_chaos_kobolds, layout_rooms, grunt_decor_cap
D:4:      layout_rooms, nicolae_vehumet_altar_sigil,
          nicolae_elevator_lobby_asterisk, uniq_sigmund
D:5:      layout_gridville, overflow_temple_1_default,
          mainiacjoe_overflow_boulevard, uniq_edmund
D:6:      cheibrodos_iron_armory, layout_loops_ring,
          mainiacjoe_overflow_six_doors_small, mainiacjoe_overflow_chevrons,
          minmay_temple_entry_proselytizer, chequers_mini_garden
D:7:      layout_loops_cross

Skill      XL: |  1  2  3  4  5  6  7  8 |
---------------+-------------------------+-----
Fighting       | 1 2 3 4 |  4.1
Long Blades    | 1 2 3 4 |  4.5
Short Blades   | 2 3 4 |  4.2
Shields        | 1 2 |  2.7
Stealth        | 5 6 |  6.7
Dodging        | 3 4 |  4.3
Evocations     | 1 2 |  2.6
Hexes          | 5 6 |  6.2
Armour         | 1 2 |  2.3
Spellcasting   | 3 |  3.4

Action                     |  1- 3 |  4- 6 |  7- 9 || total
---------------------------+-------+-------+-------++-------
  Melee: Dagger            |    69 |   172 |   160 ||   401
         Bite              |     6 |    10 |    17 ||    33
  Throw: Dart              |       |     1 |       ||     1
   Cast: Ensorcelled Hiber |    13 |    42 |    46 ||   101
         Confusing Touch   |       |     2 |    17 ||    19
         Tukima's Dance    |       |       |     2 ||     2
Ability: Lunge             |       |       |     3 ||     3
    Use: Scroll            |     3 |     3 |     2 ||     8
         Potion            |       |     2 |       ||     2
   Stab: Sleeping          |    18 |    21 |    36 ||    75
         Invisible         |       |     1 |       ||     1
         Confused          |       |       |    12 ||    12
 Armour: Robe              |    31 |   129 |    92 ||   252
  Dodge: Dodged            |    36 |   123 |    98 ||   257
  Block: Other             |       |       |    11 ||    11

Table legend: (Time is in decaauts)
 A = Elapsed time spent in this place.
 B = Non-inter-level travel time spent in this place.
 C = Inter-level travel time spent in this place.
 D = Time resting spent in this place.
 E = Time spent auto-exploring this place.
 F = Levels seen in this place.
 G = Mean time per level.
                   A        B        C        D        E       F      G
               +--------+--------+--------+--------+--------+-----+--------+
         Total |   5509 |   5258 |    251 |    709 |   2880 |   7 |  787.0 |
       Dungeon |   5509 |   5258 |    251 |    709 |   2880 |   7 |  787.0 |
               +--------+--------+--------+--------+--------+-----+--------+

Top non-repeatable levels by time:
     D:6: 1319 daAuts
     D:4: 1029 daAuts
     D:5: 945 daAuts
     D:1: 826 daAuts
     D:2: 761 daAuts
     D:3: 617 daAuts
     D:7: 10 daAuts
